 Dungeon Crawl Stone Soup version 0.18-a0-1354-gbc5753f (webtiles) character file.

121 gorblad the Shield-Bearer (level 5, -15/37 HPs)
             Began as a Formicid Fighter on Feb 20, 2016.
             Demolished by an ogre
             ... wielding a +0 giant spiked club
              (24 damage)
             ... on level 4 of the Dungeon.
             The game lasted 00:02:45 (952 turns).

gorblad the Shield-Bearer (Formicid Fighter)         Turns: 952, Time: 00:02:45

Health: -15/37     AC:  7    Str: 26    XL:     5   Next: 26%
Magic:  5/5        EV:  9    Int:  8    God:
Gold:   144        SH: 11    Dex: 10    Spells: 0 memorised, 4 levels left

rFire  . . .     SeeInvis +     a - +1 long sword
rCold  . . .     Gourm    .     b - +0 scale mail
rNeg   . . .     Faith    .     c - +1 shield
rPois  +         Spirit   .     (helmet unavailable)
rElec  .         Dismiss  .     (no cloak)
rCorr  .         Reflect  .     (no gloves)
SustAt .         Harm     .     (no boots)
MR     .....                    (no amulet)
Stlth  ..........               (no ring)
                                (no ring)

@: mighty, not resistant to hostile enchantments, extremely unstealthy
A: permanent stasis, dig shafts and tunnels, four strong arms, antennae 3, frail
1, poison resistance, evolution 1
a: Dig, Shaft Self


You were on level 4 of the Dungeon.
You were not hungry.

You visited 1 branch of the dungeon, and saw 3 of its levels.

You collected 144 gold pieces.

Inventory:

Hand Weapons
 a - a +1 long sword (weapon)
Armour
 b - a +0 scale mail (worn)
 c - a +1 shield (worn)
Wands
 l - a wand of paralysis (13/24)
 m - a wand of lightning (7/15)
Scrolls
 h - a scroll of identify {unknown}
Potions
 i - a potion of mutation
 k - 3 potions of brilliance
Books
 e - the Collected Works on Malediction and Combat Magic
   (You found it on level 4 of the Dungeon)

   Spells                             Type                      Level
   a - Sting                          Conjuration/Poison           1
   b - Dazzling Spray                 Conjuration/Hexes            3
   c - Summon Guardian Golem          Hexes/Summoning              3
   d - Tukima's Dance                 Hexes                        3
   e - Iskenderun's Mystic Blast      Conjuration                  4
   f - Mass Confusion                 Hexes                        6
Comestibles
 d - 5 chunks of flesh
 f - 2 bread rations


   Skills:
 + Level 4.0 Fighting
 + Level 2.8 Long Blades
 + Level 4.1 Armour
 + Level 1.0 Dodging
 + Level 4.6 Shields


You had 4 spell levels left.
You didn't know any spells.

Dungeon Overview and Level Annotations

Branches:
Dungeon (2/15)

Altars:


Innate Abilities, Weirdness & Mutations

You are under a permanent stasis effect.
You can dig through walls and to a lower floor.
Your four strong arms can wield two-handed weapons with a shield.
You have a pair of large antennae on your head (SInv).
You are frail (-10% HP).
Your system is resistant to poisons.
You evolve.


Message History

Some of the chunks of flesh in your inventory have rotted away.
You are too injured to fight recklessly!
You are too injured to fight recklessly!
You are too injured to fight recklessly!
You are too injured to fight recklessly!
You are too injured to fight recklessly!
You are too injured to fight recklessly!
You are too injured to fight recklessly!
You are too injured to fight recklessly!
You are too injured to fight recklessly!
You are too injured to fight recklessly!
You are too injured to fight recklessly!
You are too injured to fight recklessly!
You are too injured to fight recklessly!
Okay, then.
Drink which item? (? for menu, Esc to quit)
You feel very mighty all of a sudden.
The ogre hits you with a giant spiked club!!
Ouch! That really hurt!
You die...

.######......# .#
#.......#....)...#
.+
#.......+........#
.#
#<......#........#
.# #.......#
.......# .#
##...##.# ..)....#
##
#...##.###......#
#....#...#......#
#....#...'@O....#
#....#...#......#
#....#...#......+
#....#...#......#
#####......#
.......# .......#
.......#


You could see an ogre.

Vanquished Creatures
  9 river rats (D:4)
  An adder (D:4)
  A giant gecko (D:1)
  2 bats
  A giant cockroach (D:1)
  A hobgoblin (D:1)
  4 kobolds (D:1)
  A quokka (D:4)
  A ball python (D:1)
  3 giant newts (D:1)
  2 goblins
  14 rats
40 creatures vanquished.

Notes
Turn   | Place    | Note
--------------------------------------------------------------
     0 | D:1      | gorblad the Formicid Fighter began the quest for the Orb.
     0 | D:1      | Reached XP level 1. HP: 18/18 MP: 1/1
    69 | D:1      | Reached XP level 2. HP: 24/24 MP: 2/2
   514 | D:2      | Reached skill level 4 in Shields
   536 | D:2      | You fall through a shaft for 2 floors!
   585 | D:4      | Reached XP level 3. HP: 27/29 MP: 3/3
   778 | D:4      | Reached XP level 4. HP: 16/37 MP: 4/4
   799 | D:4      | Gained mutation: You evolve. [potion of mutation]
   799 | D:4      | Gained mutation: You are frail (-10% HP). [potion of mutation]
   799 | D:4      | Gained mutation: Your system is resistant to poisons. [potion of mutation]
   828 | D:4      | Reached XP level 5. HP: 15/37 MP: 5/5
   841 | D:4      | Reached skill level 1 in Dodging
   865 | D:4      | Identified the Collected Works on Malediction and Combat Magic
   947 | D:4      | Noticed an ogre
   952 | D:4      | Demolished by an ogre

Vault maps used:
D:1:      sevenhm_arrival_forest_fort_small_6
D:2:      nicolae_qazlal_style_of_elements, first_bread, ecumenical_altar_1,
          serial_park_tiny_pond
D:4:      dk_rats_in_the_wall

Action                   |  1- 3 |  4- 6 || total
-------------------------+-------+-------++-------
Melee: Long sword        |    67 |    62 ||   129
  Use: Scroll            |     3 |       ||     3
       Potion            |       |     7 ||     7
